 Dungeon Crawl Stone Soup version 0.28.0-53-g5a82cb258f (webtiles) character file.

Game seed: 13270439608650769653

178 styxcanada the Covert (level 5, -1/25 (26) HPs)
             Began as a Spriggan Brigand on June 15, 2022.
             Slain by a necrophage (3 damage)
             ... on level 4 of the Dungeon.
             The game lasted 00:11:35 (3795 turns).

styxcanada the Covert (Spriggan Brigand)            Turns: 3795, Time: 00:11:36

HP:   -1/25 (26)    AC:  5    Str:  7    XL:     5   Next: 32%
MP:   6/6           EV: 18    Int: 12    God:
Gold: 70            SH:  0    Dex: 19    Spells: 4/5 levels left

rFire   . . .      SeeInvis +   b - +0 short sword (venom)
rCold   . . .      Faith    .   (no shield)
rNeg    . . .      Spirit   .   k - +2 robe {Will+}
rPois   .          Reflect  .   (helmet restricted)
rElec   .          Harm     .   c - +0 cloak
rCorr   .          Rampage  .   (gloves unavailable)
Will    +....                   (boots unavailable)
Stlth   ++++......              (no amulet)
HPRegen 0.08/turn               (no ring)
MPRegen 0.10/turn               (no ring)

@: lightly drained, very quick
A: very small, no large weapons, unfitting armour, see invisible, speed 3
a: no special abilities


You were on level 4 of the Dungeon.
You visited 2 branches of the dungeon, and saw 5 of its levels.

You collected 92 gold pieces.
You spent 22 gold pieces at shops.

Inventory:

Hand Weapons
 a - a +2 dagger
 b - a +0 short sword of venom (weapon)
Missiles
 d - 8 poisoned darts (quivered)
 e - 2 curare-tipped darts
 i - 87 stones
 j - 42 sling bullets
Armour
 c - a +0 cloak (worn)
 k - a +2 robe of willpower (worn)
Wands
 f - a wand of digging (4)
Scrolls
 h - a scroll of teleportation {unknown}
 l - a scroll of fog {unknown}
Potions
 m - a potion of flight
 n - a potion of haste
 o - a potion of cancellation


   Skills:
 * Level 2.1 Fighting
 + Level 2.6 Short Blades
 + Level 2.2 Throwing
 * Level 3.1 Dodging
 * Level 8.3 Stealth
 * Level 0.5 Spellcasting
 * Level 0.5 Conjurations


You had 4 spell levels left.
You knew the following spells:

 Your Spells              Type           Power      Damage    Failure   Level
a - Magic Dart            Conj           4%         1d3       26%         1

Your spell library contained the following spells:

 Spells                   Type           Power      Damage    Failure   Level
 Animate Skeleton         Necr           0%         N/A       32%         1
 Pain                     Necr           0%         1d4       32%         1
 Call Imp                 Summ           0%         N/A       43%         2
 Mephitic Cloud           Conj/Pois/Air  0%         N/A       65%         3
 Ozocubu's Armour         Ice            0%         N/A       67%         3
 Vampiric Draining        Necr           0%         2d6       67%         3
 Ozocubu's Refrigeration  Ice            0%         4d5       100%        7


Dungeon Overview and Level Annotations

Branches:
Dungeon (4/15)             Temple (1/1) D:4

Altars:
Ashenzari
Elyvilon
Hepliaklqana
Kikubaaqudgha
Makhleb
Trog
Uskayaw
Wu Jian
Xom
Yredelemnul
The Shining One
Lugonu

Shops:
D:1 ?

Annotations:
D:4 Menkaure, Pikel


Innate Abilities, Weirdness & Mutations

You are very small and have problems with some larger weapons.
You are too small for most types of armour.
You have supernaturally acute eyesight. (SInv)
You cover ground extremely quickly. (Speed+++)


Message History

You kill the giant cockroach!
The adder barely misses you. The goblin hits you but does no damage.
You hit the adder.
The adder looks even sicker.
The adder is moderately wounded.
The adder bites you but does no damage. The goblin closely misses you.
You miss the adder.
The adder is moderately wounded.
The adder bites you but does no damage. The goblin barely misses you.
You hit the goblin.
The goblin is poisoned.
The goblin is moderately wounded.
You kill the goblin!
The adder completely misses you. The adder misses you.
The hobgoblin closely misses you.
You closely miss the hobgoblin. The adder bites you.
The hobgoblin barely misses you.
You barely miss the hobgoblin. The adder misses you.
The necrophage closely misses you. The hobgoblin closely misses you.
You hit the adder.
You kill the adder!
The necrophage completely misses you. The hobgoblin misses you.
You hit the hobgoblin.
The hobgoblin is poisoned.
The hobgoblin is severely wounded.
The necrophage closely misses you. The hobgoblin misses you.
You barely miss the hobgoblin.
The hobgoblin is almost dead.
You kill the hobgoblin!
The necrophage completely misses you.
You hit the necrophage but do no damage.
The necrophage completely misses you.
You hit the necrophage but do no damage.
The necrophage hits you.
You hit the necrophage.
The necrophage is lightly damaged.
The necrophage misses you.
You closely miss the necrophage. You punch the necrophage.
The necrophage is lightly damaged.
The necrophage hits you!
* * * LOW HITPOINT WARNING * * *
You feel drained.
You die...

....#..#.........?
.......##.........
#....#..........
###..#.......(.
#.............
#........#....
#......?.####..
##...#..n## ..
#####...@# ##.†.#
#...# ##.## ###


You could see a necrophage.

Vanquished Creatures
  A lemure (D:4)
  An iguana (D:2)
  An orc wizard (D:3)
  6 adders
  3 dart slugs
  3 orcs (D:3)
  3 endoplasms
  4 giant cockroaches
  6 goblins
  7 hobgoblins
  5 jackals
  6 kobolds
  2 quokkas
  7 ball pythons
  5 bats
  2 frilled lizards (D:1)
  A quokka skeleton (D:4)
  5 rats
68 creatures vanquished.

Vanquished Creatures (others)
  4 demonic plants (D:2)
  2 fungi (D:2)
  4 plants (D:2)
  5 withered plants (D:2)
15 creatures vanquished.

Grand Total: 83 creatures vanquished

Notes
Turn   | Place    | Note
-------+----------+-------------------------------------------
     0 | D:1      | styxcanada the Spriggan Brigand began the quest for the
                  | Orb.
     0 | D:1      | Reached XP level 1. HP: 10/10 MP: 2/2
    13 | D:1      | Reached skill level 6 in Stealth
    42 | D:1      | Found Qedwat's Magic Scroll Emporium.
   140 | D:1      | Reached XP level 2. HP: 14/14 MP: 3/3
   462 | D:1      | You fall into a shaft and drop 1 floor!
   467 | D:2      | Found a faded altar of an unknown god.
   600 | D:2      | Reached skill level 7 in Stealth
   600 | D:2      | Reached XP level 3. HP: 10/18 MP: 4/4
  1291 | D:2      | Reached XP level 4. HP: 23/23 MP: 5/5
  1475 | D:2      | Learned a level 1 spell: Magic Dart
  2073 | D:1      | Bought a scroll of identify for 22 gold pieces
  2360 | D:3      | Reached skill level 8 in Stealth
  2468 | D:3      | Reached XP level 5. HP: 15/26 MP: 6/6
  2964 | D:3      | Found a hazy altar of Hepliaklqana.
  3287 | D:4      | Noticed Menkaure
  3290 | D:4      | Noticed a lemure
  3295 | D:4      | Noticed Pikel
  3295 | D:4      | Noticed a lemure
  3304 | D:4      | Found a staircase to the Ecumenical Temple.
  3313 | Temple   | Entered the Ecumenical Temple
  3569 | D:4      | Killed a lemure
  3582 | D:4      | HP: 1/26 [orc priest/divine providence (9)]
  3587 | D:4      | Noticed a lemure
  3587 | D:4      | Noticed a lemure
  3744 | D:4      | Found a broken altar of Ashenzari.
  3750 | D:4      | Noticed a necrophage
  3795 | D:4      | Slain by a necrophage

Illustrated notes

Levels and vault maps discovered:
D:1:      nzn_arrival_crosshair, layout_loops_ring, serial_shops, shop_scrolls
D:2:      layout_basic, shapermc_ecumenical_altar_gd
D:3:      layout_loops_ring, general_overflow_altar,
          chequers_serial_rivers_room_a
D:4:      layout_cave_pools, lemuel_coloured_pillars_altar,
          fedhas_altar_decomposition, mainiacjoe_overflow_catwalk,
          chequers_serial_rivers_small_a, uniq_blork_the_orc, uniq_pikel,
          uniq_menkaure
Temple:   corrupted_temple

Skill      XL: |  1  2  3  4 |
---------------+-------------+-----
Stealth        | 6 7 8 |  8.3
Dodging        | 2 3 |  3.1
Fighting       | 2 |  2.1
Short Blades   | |  2.6
Throwing       | |  2.2
Spellcasting   | |  0.5
Conjurations   | |  0.5

Action                   |  1- 3 |  4- 6 || total
-------------------------+-------+-------++-------
Melee: Dagger            |    83 |     8 ||    91
       Punch             |     1 |     3 ||     4
       Short sword       |       |   100 ||   100
Throw: Dart              |    13 |     8 ||    21
  Use: Scroll            |       |     7 ||     7
 Stab: Sleeping          |     8 |    15 ||    23
Armor: Robe              |     9 |    23 ||    32
Dodge: Dodged            |    62 |    89 ||   151
